MLB
ARIZONA DIAMONDBACKS @ COLORADO ROCKIES
04/08/2039
 
TOP OF THE 1ST
Arizona Diamondbacks batting - Pitching for Colorado Rockies : RHP Tim Schumaker
Pitching: RHP Tim Schumaker
Batting: RHB Steve Herron 0-0: Called Strike
0-1: Ball
1-1: Called Strike
1-2: Ball
2-2: Ball
3-2: Foul Ball, location: 25F
3-2: SINGLE (Line Drive, 9S, EV 91.9 MPH)
Batting: SHB Willie Negron 0-0: Called Strike
Steve Herron steals 2nd, throwing error, E2
Steve Herron to third
0-1: Ball
1-1: Ball
2-1: Called Strike
2-2: Ground out 6-3 (Groundball, 6, EV 84.4 MPH)
Steve Herron scores
Batting: SHB Ruben Godinez 0-0: Ball
1-0: DOUBLE (Flyball, 78XD, EV 98.1 MPH)
Batting: LHB Phil Vigil 0-0: Ground out 6-3 (Groundball, 6M, EV 80.0 MPH)
Batting: RHB Sam Geer 0-0: Called Strike
0-1: Called Strike
0-2: Ball
1-2: Fly out, F7 (Flyball, 7, EV 96.3 MPH)
Top of the 1st over - 1 run, 2 hits, 1 error, 1 left on base; Arizona 1 - Colorado 0
BOTTOM OF THE 1ST
Colorado Rockies batting - Pitching for Arizona Diamondbacks : RHP Ken Clancy
Pitching: RHP Ken Clancy
Batting: RHB Jorge Ruiz 0-0: Foul Ball, location: 3F
0-1: Ball
1-1: Fly out, F8 (Flyball, 8RXD, EV 107.5 MPH)
Batting: LHB Izaac Pacheco 0-0: Foul Ball, location: 2F
0-1: Foul Ball, location: 5DF
0-2: Foul Ball, location: 3F
0-2: Strikes out looking
Batting: RHB Royce Lewis 0-0: Ball
1-0: Swinging Strike
1-1: Foul Ball, location: 9LDF
1-2: Ball
2-2: Ball
3-2: Strikes out looking
Bottom of the 1st over - 0 runs, 0 hits, 0 errors, 0 left on base; Arizona 1 - Colorado 0
TOP OF THE 2ND
Arizona Diamondbacks batting - Pitching for Colorado Rockies : RHP Tim Schumaker
Batting: LHB Jose Gomez 0-0: Ball
1-0: Ball
2-0: Ball
3-0: Called Strike
3-1: DOUBLE (Line Drive, 9LM, EV 110.6 MPH)
Batting: RHB Ivan Herrera 0-0: Ball
1-0: Called Strike
1-1: Foul Ball, location: 3DF
1-2: Foul Ball, location: 9LMF
1-2: Ball
2-2: Foul Ball, location: 5F
2-2: Strikes out swinging
Batting: RHB Chris Hewins 0-0: Called Strike
0-1: Foul Ball, location: 9LSF
0-2: Ball
1-2: Strikes out looking
Batting: RHB Noah Smith 0-0: Ball
1-0: Called Strike
1-1: Ball
2-1: Foul Ball, location: 9LSF
2-2: Hit by Pitch
Batting: RHB Steve Herron 0-0: Ball
1-0: Called Strike
1-1: Ball
2-1: Ground out 5-3 (Groundball, 5S, EV 89.4 MPH)
Top of the 2nd over - 0 runs, 1 hit, 0 errors, 2 left on base; Arizona 1 - Colorado 0
BOTTOM OF THE 2ND
Colorado Rockies batting - Pitching for Arizona Diamondbacks : RHP Ken Clancy
Batting: LHB Steve Richardson 0-0: Ball
1-0: Foul Ball, location: 7LMF
1-1: Fly out, F7 (Flyball, 7D, EV 95.6 MPH)
Batting: RHB Sean Lesley 0-0: Ball
1-0: Ball
2-0: Ball
3-0: Called Strike
3-1: Fly out, F8 (Flyball, 8RXD, EV 88.1 MPH)
Batting: LHB Danny Rojas 0-0: SOLO HOME RUN (Flyball, 7D, EV 99.4 MPH), Distance : 376 ft
Batting: RHB Jim Rudden 0-0: DOUBLE (Line Drive, 78D, EV 105.0 MPH)
Batting: RHB Vinny Navarro 0-0: Called Strike
0-1: Swinging Strike
0-2: Strikes out looking
Bottom of the 2nd over - 1 run, 2 hits, 0 errors, 1 left on base; Arizona 1 - Colorado 1
TOP OF THE 3RD
Arizona Diamondbacks batting - Pitching for Colorado Rockies : RHP Tim Schumaker
Batting: SHB Willie Negron 0-0: Ball
1-0: Ball
2-0: SINGLE (Line Drive, 4MD, EV 95.6 MPH)
Batting: SHB Ruben Godinez 0-0: Swinging Strike
0-1: Ball
1-1: Foul Ball, location: 2F
1-2: Strikes out swinging
Batting: LHB Phil Vigil 0-0: Called Strike
0-1: Reached on error, E8 (Flyball, 8RD, EV 91.3 MPH)
Willie Negron to second
Batting: RHB Sam Geer 0-0: Foul Ball, location: 9LMF
0-1: Reached on error, E4 (Groundball, 4, EV 84.4 MPH)
Willie Negron to third
Phil Vigil to second
Batting: LHB Jose Gomez 0-0: Called Strike
0-1: Foul Ball, location: 7LMF
0-2: Ball
1-2: Strikes out swinging
Batting: RHB Ivan Herrera 0-0: Called Strike
0-1: Fielders Choice at 2nd, 6-4 (Groundball, 6D, EV 99.4 MPH)
Top of the 3rd over - 0 runs, 1 hit, 2 errors, 3 left on base; Arizona 1 - Colorado 1
BOTTOM OF THE 3RD
Colorado Rockies batting - Pitching for Arizona Diamondbacks : RHP Ken Clancy
Batting: LHB Victor Perez 0-0: Fly out, F8 (Flyball, 8RM, EV 90.0 MPH)
Batting: RHB Jorge Ruiz 0-0: Ball
1-0: SINGLE (Line Drive, 9S, EV 105.0 MPH)
Batting: LHB Izaac Pacheco 0-0: Ball
1-0: Fly out, F8 (Flyball, 78M, EV 97.5 MPH)
Batting: RHB Royce Lewis 0-0: Ball
1-0: Fly out, F8 (Flyball, 8RXD, EV 95.6 MPH)
Bottom of the 3rd over - 0 runs, 1 hit, 0 errors, 1 left on base; Arizona 1 - Colorado 1
TOP OF THE 4TH
Arizona Diamondbacks batting - Pitching for Colorado Rockies : RHP Tim Schumaker
Batting: RHB Chris Hewins 0-0: SINGLE (Groundball, 4MD, EV 94.4 MPH)
Batting: RHB Noah Smith 0-0: Called Strike
0-1: Foul Ball, location: 3SF
0-2: Ball
1-2: Strikes out swinging
Batting: RHB Steve Herron 0-0: Grounds into double play, 4-6-3 (Groundball, 4, EV 105.6 MPH)
Top of the 4th over - 0 runs, 1 hit, 0 errors, 0 left on base; Arizona 1 - Colorado 1
BOTTOM OF THE 4TH
Colorado Rockies batting - Pitching for Arizona Diamondbacks : RHP Ken Clancy
Batting: LHB Steve Richardson 0-0: Swinging Strike
0-1: Called Strike
0-2: Ball
1-2: Ball
2-2: DOUBLE (Line Drive, 7LD, EV 110.6 MPH)
Batting: RHB Sean Lesley 0-0: Ball
1-0: Called Strike
1-1: Fly out, F8 (Line Drive, 89M, EV 86.3 MPH)
Batting: LHB Danny Rojas 0-0: Called Strike
0-1: Ground out 4-3 (Groundball, 4, EV 78.8 MPH)
Steve Richardson to third
Batting: RHB Jim Rudden 0-0: Ground out 6-3 (Groundball, 6, EV 83.1 MPH)
Bottom of the 4th over - 0 runs, 1 hit, 0 errors, 1 left on base; Arizona 1 - Colorado 1
TOP OF THE 5TH
Arizona Diamondbacks batting - Pitching for Colorado Rockies : RHP Tim Schumaker
Batting: SHB Willie Negron 0-0: Ball
1-0: Ball
2-0: Foul Ball, location: 7LSF
2-1: Called Strike
2-2: DOUBLE (Line Drive, 3D, EV 106.9 MPH)
Batting: SHB Ruben Godinez 0-0: Called Strike
0-1: SINGLE (Groundball, 34D, EV 100.0 MPH)
Willie Negron to third
Batting: LHB Phil Vigil 0-0: Ball
1-0: SINGLE (Groundball, 6MD, EV 109.4 MPH)
Willie Negron scores
Ruben Godinez to second
Pitching: RHP Joe Hoffman
Batting: RHB Sam Geer 0-0: Fly out, F9 (Flyball, 9D, EV 90.6 MPH)
Runner from 2nd tags up, SAFE at 3rd, no throw by RF
Batting: LHB Jose Gomez 0-0: Ball
1-0: Fly out, F9 (Flyball, 89XD, EV 102.5 MPH)
Runner from 3rd tags up, SCORES, no throw by RF
Batting: RHB Ivan Herrera 0-0: Ball
1-0: Ball
2-0: Called Strike
2-1: Ball
3-1: Called Strike
3-2: Foul Ball, location: 9LDF
3-2: Strikes out swinging
Top of the 5th over - 2 runs, 3 hits, 0 errors, 1 left on base; Arizona 3 - Colorado 1
BOTTOM OF THE 5TH
Colorado Rockies batting - Pitching for Arizona Diamondbacks : RHP Ken Clancy
Batting: RHB Vinny Navarro 0-0: Foul Ball, location: 2F
0-1: Called Strike
0-2: Strikes out swinging
Batting: LHB Victor Perez 0-0: Ball
1-0: Foul Ball, location: 5F
1-1: SINGLE (Line Drive, 78S, EV 95.6 MPH)
Batting: RHB Jorge Ruiz 0-0: Called Strike
0-1: Ball
1-1: Swinging Strike
1-2: Strikes out swinging
Batting: LHB Izaac Pacheco 0-0: Ball
1-0: Ball
2-0: Called Strike
2-1: Called Strike
2-2: Foul Ball, location: 23F
2-2: 2-RUN HOME RUN (Flyball, 78XD, EV 108.8 MPH), Distance : 407 ft
Batting: RHB Royce Lewis 0-0: Ball
1-0: Called Strike
1-1: Foul Ball, location: 2F
1-2: Strikes out looking
Bottom of the 5th over - 2 runs, 2 hits, 0 errors, 0 left on base; Arizona 3 - Colorado 3
TOP OF THE 6TH
Arizona Diamondbacks batting - Pitching for Colorado Rockies : RHP Joe Hoffman
Batting: RHB Chris Hewins 0-0: Ball
1-0: Ball
2-0: Ball
3-0: Called Strike
3-1: Foul Ball, location: 9LMF
3-2: Base on Balls
Batting: RHB Noah Smith 0-0: Bunted foul
0-1: Sac Bunt to 13S - play at first, batter OUT! 1-3
Chris Hewins to second
Batting: RHB Steve Herron 0-0: Called Strike
0-1: Ball
1-1: Swinging Strike
1-2: Ball
2-2: Ball
3-2: Base on Balls
Batting: SHB Willie Negron 0-0: SINGLE (Groundball, 34, EV 98.8 MPH) (infield hit)
Chris Hewins to third
Steve Herron to second
Batting: SHB Ruben Godinez 0-0: Ball
1-0: Called Strike
1-1: SINGLE (Line Drive, 89S, EV 91.9 MPH)
Chris Hewins scores
Steve Herron to third
Willie Negron to second
Batting: LHB Phil Vigil 0-0: Ball
1-0: SINGLE (Groundball, 4MD, EV 108.8 MPH)
Steve Herron scores
Willie Negron to third
Ruben Godinez to second
Runner from 3rd tries for Home, SAFE, throw by CF to home
Pitching: RHP Felix Gonzalez
Batting: RHB Sam Geer 0-0: Ball
1-0: Foul Ball, location: 23F
1-1: Swinging Strike
1-2: Strikes out looking
Batting: LHB Jose Gomez 0-0: DOUBLE (Flyball, 8LXD, EV 101.9 MPH)
Ruben Godinez scores
Phil Vigil to third
Runner from 3rd tries for Home, SAFE, no throw by CF
Batting: RHB Ivan Herrera 0-0: Called Strike
0-1: Ball
1-1: Ball
2-1: 2-RUN HOME RUN (Flyball, 7D, EV 100.6 MPH), Distance : 379 ft
Batting: RHB Chris Hewins 0-0: Ball
1-0: Ball
2-0: Called Strike
2-1: SINGLE (Line Drive, 8LS, EV 96.3 MPH)
Batting: RHB Noah Smith 0-0: Foul Ball, location: 9LMFF
0-1: Ball
1-1: Swinging Strike
1-2: Fielders Choice at 2nd, 6-4 (Groundball, 6, EV 78.1 MPH)
Top of the 6th over - 7 runs, 6 hits, 0 errors, 1 left on base; Arizona 10 - Colorado 3
BOTTOM OF THE 6TH
Colorado Rockies batting - Pitching for Arizona Diamondbacks : RHP Ken Clancy
Batting: LHB Steve Richardson 0-0: Called Strike
0-1: Called Strike
0-2: Ball
1-2: Ball
2-2: Ball
3-2: Foul Ball, location: 3DF
3-2: Ground out 4-3 (Groundball, 4S, EV 81.9 MPH)
Batting: RHB Sean Lesley 0-0: Called Strike
0-1: Ball
1-1: Foul Ball, location: 23F
1-2: Ball
2-2: SINGLE (Groundball, 34D, EV 95.6 MPH)
Batting: LHB Danny Rojas 0-0: Swinging Strike
0-1: Swinging Strike
0-2: Ball
1-2: Strikes out swinging
Batting: RHB Jim Rudden 0-0: Ball
1-0: Ball
2-0: SINGLE (Groundball, 34D, EV 100.6 MPH)
Sean Lesley to second
Runner from 2nd tries for 3rd, SAFE, no throw by RF
Batting: RHB Vinny Navarro 0-0: Called Strike
0-1: Swinging Strike
0-2: SINGLE (Groundball, 3D, EV 98.1 MPH)
Sean Lesley scores
Jim Rudden to second
Runner from 2nd tries for 3rd, SAFE, no throw by RF
Batting: LHB Victor Perez 0-0: Ball
1-0: Ball
2-0: Fly out, F7 (Flyball, 7LS, EV 90.6 MPH)
Bottom of the 6th over - 1 run, 3 hits, 0 errors, 2 left on base; Arizona 10 - Colorado 4
TOP OF THE 7TH
Arizona Diamondbacks batting - Pitching for Colorado Rockies : RHP Felix Gonzalez
Batting: RHB Steve Herron 0-0: Ball
1-0: Ball
2-0: Foul Ball, location: 2F
2-1: Ball
3-1: Called Strike
3-2: Base on Balls
Batting: SHB Willie Negron 0-0: Ball
1-0: 2-RUN HOME RUN (Flyball, 9D, EV 98.8 MPH), Distance : 388 ft
Pitching: RHP Alex Rubio
Batting: SHB Ruben Godinez 0-0: Ball
1-0: Called Strike
1-1: Called Strike
1-2: Ball
2-2: Foul Ball, location: 2F
2-2: DOUBLE (Line Drive, 7LM, EV 99.4 MPH)
Batting: LHB Phil Vigil 0-0: Swinging Strike
0-1: Foul Ball, location: 9LMF
0-2: Strikes out swinging
Batting: RHB Sam Geer 0-0: Ground out 5-3 (Groundball, 5, EV 83.1 MPH)
Ruben Godinez to third
Batting: LHB Jose Gomez 0-0: Swinging Strike
0-1: Foul Ball, location: 2F
0-2: Fly out, F7 (Flyball, 7, EV 94.4 MPH)
Top of the 7th over - 2 runs, 2 hits, 0 errors, 1 left on base; Arizona 12 - Colorado 4
BOTTOM OF THE 7TH
Colorado Rockies batting - Pitching for Arizona Diamondbacks : RHP Ken Clancy
Pitching: RHP Jeff Russell
Pinch Hitting: RHB Juaron Jones 0-0: Ball
1-0: Swinging Strike
1-1: Foul Ball, location: 25F
1-2: Foul Ball, location: 2F
1-2: SINGLE (Line Drive, 9LS, EV 103.1 MPH)
Batting: LHB Izaac Pacheco 0-0: Called Strike
0-1: Ball
1-1: Ball
2-1: Ball
3-1: Foul Ball, location: 5F
3-2: Base on Balls
Juaron Jones to second
Batting: RHB Royce Lewis 0-0: Foul Ball, location: 9LDF
0-1: Ball
1-1: Foul Ball, location: 3SF
1-2: Ball
2-2: Foul Ball, location: 2F
2-2: SINGLE (Groundball, 6, EV 106.9 MPH) (infield hit)
Juaron Jones to third
Izaac Pacheco to second
Batting: LHB Steve Richardson 0-0: Ball
1-0: Called Strike
1-1: Ball
2-1: SINGLE (Groundball, 4S, EV 71.3 MPH) (infield hit)
Juaron Jones scores
Izaac Pacheco to third
Royce Lewis to second
Batting: RHB Sean Lesley 0-0: Called Strike
0-1: Ball
Wild Pitch!
Izaac Pacheco scores
Royce Lewis to third
Steve Richardson to second
1-1: Ball
2-1: Ball
3-1: Base on Balls
Batting: LHB Danny Rojas 0-0: Foul Ball, location: 7LDF
0-1: Called Strike
0-2: Grounds into fielders choice 5-2 (Groundball, 5, EV 85.6 MPH)
Steve Richardson to third
Sean Lesley to second
Batting: RHB Jim Rudden 0-0: Ball
1-0: Ball
2-0: Ball
3-0: Called Strike
3-1: Foul Ball, location: 2F
3-2: Foul Ball, location: 2F
3-2: Strikes out swinging
Batting: RHB Vinny Navarro 0-0: Called Strike
0-1: Ball
1-1: Ball
2-1: Ball
3-1: Called Strike
3-2: Strikes out swinging
Bottom of the 7th over - 2 runs, 3 hits, 0 errors, 3 left on base; Arizona 12 - Colorado 6
TOP OF THE 8TH
Arizona Diamondbacks batting - Pitching for Colorado Rockies : RHP Alex Rubio
Now at 3B: Josh Mooty
Batting: RHB Ivan Herrera 0-0: Ball
1-0: Called Strike
1-1: Swinging Strike
1-2: Ball
2-2: Strikes out swinging
Batting: RHB Chris Hewins 0-0: Ball
1-0: Ball
2-0: Called Strike
2-1: Foul Ball, location: 5F
2-2: Ball
3-2: Foul Ball, location: 5F
3-2: Base on Balls
Pitching: LHP Jon Byrd
Batting: RHB Noah Smith 0-0: Foul Ball, location: 2F
0-1: Fielders Choice at 2nd, 6-4 (Groundball, 6, EV 105.6 MPH)
Batting: RHB Steve Herron 0-0: Ball
1-0: Ball
2-0: Ground out 5-3 (Groundball, 56S, EV 65.6 MPH)
Top of the 8th over - 0 runs, 0 hits, 0 errors, 1 left on base; Arizona 12 - Colorado 6
BOTTOM OF THE 8TH
Colorado Rockies batting - Pitching for Arizona Diamondbacks : RHP Jeff Russell
Pitching: RHP Ben DeWees
Now at 1B: Ger van Dam
Now at 2B: Willie Negron
Batting: LHB Victor Perez 0-0: Fly out, F8 (Line Drive, 8RD, EV 86.9 MPH)
Batting: RHB Josh Mooty 0-0: Ground out 5-3 (Groundball, 56, EV 105.0 MPH)
Batting: LHB Izaac Pacheco 0-0: Ball
1-0: Swinging Strike
1-1: Ball
2-1: Fly out, F5 (Popup, 56, EV 69.4 MPH)
Bottom of the 8th over - 0 runs, 0 hits, 0 errors, 0 left on base; Arizona 12 - Colorado 6
TOP OF THE 9TH
Arizona Diamondbacks batting - Pitching for Colorado Rockies : LHP Jon Byrd
Batting: SHB Willie Negron 0-0: Swinging Strike
0-1: Ball
1-1: Ball
2-1: Called Strike
2-2: Strikes out swinging
Batting: SHB Ruben Godinez 0-0: Ball
1-0: Foul Ball, location: 2F
1-1: Called Strike
1-2: Foul Ball, location: 2F
1-2: Strikes out swinging
Batting: LHB Phil Vigil 0-0: Foul Ball, location: 5F
0-1: Ball
1-1: Ball
2-1: Ball
3-1: Base on Balls
Batting: RHB Sam Geer 0-0: Foul Ball, location: 2F
0-1: Swinging Strike
0-2: Strikes out swinging
Top of the 9th over - 0 runs, 0 hits, 0 errors, 1 left on base; Arizona 12 - Colorado 6
BOTTOM OF THE 9TH
Colorado Rockies batting - Pitching for Arizona Diamondbacks : RHP Ben DeWees
Batting: RHB Royce Lewis 0-0: Ball
1-0: Foul Ball, location: 9LSF
1-1: Ball
2-1: Called Strike
2-2: Ball
3-2: Foul Ball, location: 2F
3-2: Base on Balls
Batting: LHB Steve Richardson 0-0: Ball
1-0: Fly out, F7 (Flyball, 7, EV 90.0 MPH)
Batting: RHB Sean Lesley 0-0: Ball
1-0: Swinging Strike
1-1: Ball
2-1: Fly out, F7 (Flyball, 7, EV 91.9 MPH)
Batting: LHB Danny Rojas 0-0: Called Strike
0-1: Ball
1-1: Ball
2-1: Called Strike
2-2: Strikes out swinging
Bottom of the 9th over - 0 runs, 0 hits, 0 errors, 1 left on base; Arizona 12 - Colorado 6
Wednesday, March 27th , 2024 - OOTP Baseball 24.11 Build 85